 Dungeon Crawl Stone Soup version 0.20.1-1-g8b1a95d (webtiles) character file.

51 HighpriestofRu the Digger (level 3, -8/26 HPs)
             Began as a Demigod Earth Elementalist on Dec 4, 2017.
             Mangled by Sigmund
             ... wielding a +0 scythe
              (14 damage)
             ... on level 2 of the Dungeon.
             The game lasted 00:06:08 (1219 turns).

HighpriestofRu the Digger (DgEE)                    Turns: 1219, Time: 00:06:08

Health: -8/26      AC:  3    Str: 11    XL:     3   Next: 38%
Magic:  0/10       EV: 18    Int: 21    God:
Gold:   103        SH:  0    Dex: 21    Spells: 1/7 levels left

rFire    . . .     SeeInvis +   l - +2 dagger (freeze)
rCold    . . .     Gourm    .   (no shield)
rNeg     + . .     Faith    .   c - +0 robe
rPois    .         Spirit   .   (no helmet)
rElec    .         Reflect  .   (no cloak)
rCorr    .         Harm     .   (no gloves)
MR       .....                  g - +0 pair of boots
Stlth    +++.......             (no amulet)
Regen    0.1/turn               f - ring of see invisible
MPRegen  0.2/turn               o - ring of positive energy

@: agile
A: high mp 1, mutation resistance 1
a: no special abilities


You were on level 2 of the Dungeon.
You were not hungry.

You visited 1 branch of the dungeon, and saw 2 of its levels.

You collected 103 gold pieces.

Inventory:

Hand Weapons
 l - a +2 dagger of freezing (weapon)
Missiles
 b - 49 stones (quivered)
Armour
 c - a +0 robe (worn)
 g - a +0 pair of boots (worn)
Jewellery
 f - a ring of see invisible (left hand)
 o - a ring of positive energy (right hand)
Scrolls
 a - a scroll of random uselessness {unknown}
 h - 2 scrolls of identify {unknown}
 i - a scroll of enchant armour {unknown}
 q - a scroll of amnesia {unknown}
 r - a scroll of immolation {unknown}
Books
 e - a book of Geomancy

   Spells                             Type                      Level
   a - Sandblast                      Earth                        1
   b - Passwall                       Transmutation/Earth          2
   c - Stone Arrow                    Conjuration/Earth            3
   d - Petrify                        Transmutation/Earth          4
   e - Lee's Rapid Deconstruction     Earth                        5
Comestibles
 d - a bread ration
 j - a meat ration
 n - 2 chunks of flesh


   Skills:
 - Level 1.7 Dodging
 - Level 1.7 Stealth
 + Level 2.9 Spellcasting
 * Level 0.6 Conjurations
 - Level 0.8 Transmutations
 + Level 3.1 Earth Magic


You had one spell level left.
You knew the following spells:

 Your Spells              Type           Power        Failure   Level  Hunger
a - Sandblast             Erth           ###...       3%          1    None
b - Passwall              Tmut/Erth      ##........   9%          2    ##.....
c - Stone Arrow           Conj/Erth      ##....       19%         3    ###....


Dungeon Overview and Level Annotations

Branches:
Dungeon (2/15)

Annotations:
D:2 Sigmund


Innate Abilities, Weirdness & Mutations

You have an increased reservoir of magic. (+10% MP)
You are somewhat resistant to further mutation.


Message History

Press: ? - help, Shift-Dir - straight line, f/p - Sigmund
Aim: Sigmund, wielding a scythe and wearing a robe (severely wounded, slightly transparent)
The blast of sand hits Sigmund.
Sigmund is severely wounded.
b - 49 stones It was a potion of agility.
You feel agile all of a sudden. Sigmund misses you.
Sigmund gestures at you while chanting. The magic dart hits you!
* * * LOW HITPOINT WARNING * * *
Okay, then.
Casting: Sandblast
Confirm with . or Enter, or press ? or * to list all spells.
Which direction?
Your magical contamination has completely faded away.
You begin to meditate on the wall.
You continue meditating on the rock.
Sigmund hits you from afar with a scythe!
Ouch! That really hurt!
You die...

#...........#.#.#
#######..#..###.####
.....#..#.#....#
#.###.#..#......# #
#.#..#..###.#
#.......#.#.#
##########...#
#..@..#....###
#.###@#.#### #.#
#.#.# ####@###.#.#
..#......<#
#.####.#### ####@##
#.# #$....# #.#
#..###.# #......#


You could see Sigmund (invisible).

Vanquished Creatures
  An adder (D:2)
  4 worms (D:2)
  A dart slug (D:1)
  2 leopard geckos
  2 bats
  2 giant cockroaches
  5 goblins
  2 hobgoblins
  3 kobolds
  A frilled lizard (D:1)
  5 rats
28 creatures vanquished.

Notes
Turn   | Place    | Note
-------+----------+-------------------------------------------
     0 | D:1      | HighpriestofRu the Demigod Earth Elementalist began the quest for the Orb.
     0 | D:1      | Reached XP level 1. HP: 14/14 MP: 5/5
   515 | D:1      | Reached XP level 2. HP: 20/20 MP: 5/7
   522 | D:1      | Learned a level 2 spell: Passwall
   926 | D:2      | Reached skill level 3 in Earth Magic
  1093 | D:2      | Reached XP level 3. HP: 26/26 MP: 8/10
  1098 | D:2      | Learned a level 3 spell: Stone Arrow
  1190 | D:2      | Noticed Sigmund
  1199 | D:2      | Gained mutation: You are somewhat resistant to further mutation. [potion of mutation]
  1219 | D:2      | Mangled by Sigmund

Skill      XL: |  1  2 |
---------------+-------+-----
Spellcasting   | 2 |  2.9
Earth Magic    | 3 |  3.1
Dodging        | |  1.7
Stealth        | |  1.7
Conjurations   | |  0.6
Transmutations | |  0.8

Action                   || total
-------------------------++-------
Melee: Unarmed           ||     5
       Dagger            ||    26
 Cast: Sandblast         ||    36
       Stone Arrow       ||     1
       Passwall          ||     1
  Use: Potion            ||     3
 Stab: Sleeping          ||     1
  Eat: Chunk             ||     1
Armor: Robe              ||     9
Dodge: Dodged            ||    26
